 Dungeon Crawl Stone Soup version 0.19-a0-879-gdac7d08 (webtiles) character file.

3775 Musica the Basher (level 9, 0/77 HPs)
             Began as a Demonspawn Monk on July 4, 2016.
             Was an Initiate of Uskayaw.
             Slain by a hippogriff (4 damage)
             ... on level 9 of the Dungeon.
             The game lasted 00:29:45 (8156 turns).

Musica the Basher (Demonspawn Monk)                 Turns: 8156, Time: 00:29:46

Health: 0/77       AC:  8    Str: 10    XL:     9   Next: 95%
Magic:  3/9        EV: 14    Int: 17    God:    Uskayaw [......]
Gold:   351        SH:  0    Dex: 23    Spells: 0 memorised, 8 levels left

rFire  . . .     SeeInvis .     i - +4 flail
rCold  . . .     Gourm    .     B - +2 robe {MR+}
rNeg   . . .     Faith    .     (no shield)
rPois  +         Spirit   .     z - +0 helmet
rElec  +         Dismiss  .     q - +2 cloak
rCorr  .         Reflect  .     (no gloves)
SustAt .         Harm     .     (no boots)
MR     +....                    (no amulet)
Stlth  ++........               (no ring)
                                a - ring "Byphoven" {Str-2 Int+5 Dex+5}

@: somewhat resistant to hostile enchantments, unstealthy
A: claws 1, hooves 2, poison resistance, electricity resistance, spiny 3
a: Renounce Religion


You were on level 9 of the Dungeon.
You worshipped Uskayaw.
Uskayaw was noncommittal.
You were very hungry.

You visited 1 branch of the dungeon, and saw 9 of its levels.
You also visited: Sewer.

You collected 586 gold pieces.
You spent 235 gold pieces at shops.

Inventory:

Hand Weapons
 b - a +2 quarterstaff of protection
 d - a +0 morningstar
 i - a +4 flail (weapon)
 G - a +2 whip of electrocution
Missiles
 f - 15 poisoned needles
 u - 8 needles of sleeping
Armour
 q - a +2 cloak (worn)
 r - a +0 large shield
 z - a +0 helmet (worn)
 B - a +2 robe of magic resistance (worn)
Magical Staves
 F - an uncursed staff of summoning {unknown}
Jewellery
 a - the ring "Byphoven" (left claw) {Str-2 Int+5 Dex+5}
   (You bought it in a shop on level 6 of the Dungeon)

   [ring of intelligence]

   It affects your strength (-2).
   It affects your intelligence (+5).
   It affects your dexterity (+5).
 m - an uncursed amulet of rage
 A - an uncursed ring of sustain attributes
Wands
 h - a wand of iceblast (6/15)
 w - a wand of lightning (0/15)
 D - a wand of lightning (12/15)
Scrolls
 e - 5 scrolls of fog
 g - 13 scrolls of identify
 j - 9 scrolls of teleportation
 k - a scroll of enchant armour
 l - a scroll of fear
 o - a scroll of enchant weapon
 p - 3 scrolls of remove curse
 s - 2 scrolls of magic mapping
 y - 2 scrolls of amnesia
Potions
 v - 3 potions of brilliance
 x - 2 potions of flight
 C - a potion of curing
Books
 t - a book of Power

   Spells                             Type                      Level
   a - Fulminant Prism                Conjuration/Hexes            4
   b - Iskenderun's Mystic Blast      Conjuration                  4
   c - Venom Bolt                     Conjuration/Poison           5
   d - Bolt of Magma                  Conjuration/Fire/Earth       5
   e - Iron Shot                      Conjuration/Earth            6
   f - Orb of Destruction             Conjuration                  7
   g - Spellforged Servitor           Conjuration/Summoning        7
Comestibles
 c - 13 bread rations
 n - 2 meat rations


   Skills:
 + Level 9.6 Fighting
 + Level 10.5 Maces & Flails
 - Level 2.6 Dodging
 - Level 1.7 Stealth


You had 8 spell levels left.
You didn't know any spells.

Dungeon Overview and Level Annotations

Branches:
Dungeon (9/15)             Temple (0/1) D:6
   Lair: D:8-11         Orc: D:9-12

Altars:
Okawaru
Uskayaw
The Shining One

Shops:
D:4 ?   D:5 =   D:6 *[

Annotations:
D:9 Joseph


Innate Abilities, Weirdness & Mutations

You have hoof-like feet.
You are completely covered in sharp spines.
You have sharp fingernails.
Your system is resistant to poisons. (rPois)
You are resistant to electric shocks. (rElec)


Message History

You can now pass through a line of other dancers.
Okay, then.
You stomp with the beat, sending a shockwave through the revelers around you!
Joseph is severely wounded.
The hippogriff is moderately wounded.
You feel somewhat more hungry.
You can no longer pass through a line of other dancers.
The hippogriff barely misses you. The hippogriff pecks you.
* * * LOW HITPOINT WARNING * * *
The hippogriff barely misses you.
Joseph hits you with an uncursed quarterstaff.
* * * LOW HITPOINT WARNING * * *
You stomp with the beat, sending a shockwave through the revelers around you!
Joseph is almost dead.
The hippogriff is heavily wounded.
You are feeling very hungry.
You can no longer stomp with the beat.
The hippogriff bites you but does no damage.
The hippogriff pecks you.
You die...

.<.....#8. ... #..... !#
.......#... #..@#....####.#
..##...#...#....#..#.##...#####.
#....#.##.#!#.#.'..#.#8...(.....
[......H.#.#%#.##..)........#
.#.###.#....#...#.......<.8.#
##.##..#...#....#.............#
##.#...#8...#..8#@(.(.8....####
...#.#..###'####@..(......##
.###.#....)....H..........#
.....#..######..##........#
.......## #............#
.....### #####........# .....#
#........# .....# ##########
######


You could see Joseph and a hippogriff.

Vanquished Creatures
  Pikel (D:8)
  Maurice (D:9)
  The ghost of dracos369 the Cleaver, a novice HOMo of Nemelex Xobeh (Sewer)
  Psyche (D:8)
  A spriggan (D:7)
  2 orc warriors (D:8)
  3 sky beasts
  A centaur (D:5)
  2 ogres
  2 giant frogs
  Blork the orc (D:5)
  3 wights
  2 howler monkeys
  A crimson imp (D:8)
  2 hounds (D:4)
  2 jellies (D:8)
  5 orc priests
  A centaur skeleton (D:4)
  3 giant frog skeletons
  A gnoll shaman (D:5)
  7 orc wizards
  4 worker ants
  A hound zombie (D:9)
  2 hound skeletons
  A worker ant zombie (D:8)
  7 gnolls
  6 adders
  An ooze (Sewer)
  An adder zombie (D:8)
  An adder skeleton (D:4)
  4 worms
  5 dart slugs
  8 giant geckos
  22 orcs
  A ball python (D:4)
  6 giant cockroaches
  8 goblins
  9 hobgoblins
  4 jackals (Sewer)
  A quokka (D:3)
  19 bats
  4 giant newts
  6 kobolds
  8 rats
172 creatures vanquished.

Vanquished Creatures (others)
  A hungry ghost (D:6)
1 creature vanquished.

Grand Total: 173 creatures vanquished

Notes
Turn   | Place    | Note
-------+----------+-------------------------------------------
     0 | D:1      | Musica the Demonspawn Monk began the quest for the Orb.
     0 | D:1      | Reached XP level 1. HP: 18/18 MP: 1/1
   120 | D:1      | Gained mutation: You have large cloven feet. [demonic ancestry]
   120 | D:1      | Reached XP level 2. HP: 14/24 MP: 2/2
   303 | D:1      | Reached skill level 3 in Maces & Flails
   834 | D:1      | Reached XP level 3. HP: 22/29 MP: 3/3
  1979 | D:2      | Reached XP level 4. HP: 31/37 MP: 4/4
  2381 | D:3      | Reached skill level 4 in Maces & Flails
  3251 | D:4      | Reached XP level 5. HP: 40/43 MP: 5/5
  3376 | D:5      | Entered Level 5 of the Dungeon
  3379 | D:4      | Found Ketostyq's Magic Scroll Shop.
  3387 | D:5      | Noticed an ogre
  3428 | D:4      | Gained mutation: You are resistant to electric shocks. (rElec) [potion of mutation]
  3428 | D:4      | Gained mutation: Your system is resistant to poisons. (rPois) [potion of mutation]
  3428 | D:4      | Gained mutation: You have sharp fingernails. [potion of mutation]
  3451 | D:4      | Bought a scroll of magic mapping for 45 gold pieces
  3451 | D:4      | Bought a scroll of magic mapping for 45 gold pieces
  3786 | D:4      | Reached skill level 5 in Fighting
  3786 | D:4      | Reached skill level 5 in Maces & Flails
  3786 | D:4      | Gained mutation: You are partially covered in sharp spines. [demonic ancestry]
  3786 | D:4      | Reached XP level 6. HP: 50/51 MP: 6/6
  4157 | D:4      | Found an iron altar of Okawaru.
  4379 | D:6      | Found a staircase to the Ecumenical Temple.
  4406 | D:6      | Found a glowing drain.
  4432 | Sewer    | Entered a sewer
  4432 | Sewer    | Noticed dracos369's ghost (novice HOMo)
  4465 | Sewer    | Killed dracos369's ghost
  4465 | Sewer    | Reached skill level 6 in Maces & Flails
  4465 | Sewer    | Gained mutation: You have hoof-like feet. [demonic ancestry]
  4465 | Sewer    | Reached XP level 7. HP: 17/58 MP: 7/7
  5187 | D:5      | Found Qaawim's Jewellery Shoppe.
  5310 | D:5      | Reached skill level 7 in Maces & Flails
  5365 | D:5      | Gained mutation: You are mostly covered in sharp spines. [demonic ancestry]
  5365 | D:5      | Reached XP level 8. HP: 39/65 MP: 8/8
  5435 | D:5      | Noticed Blork the orc
  5440 | D:5      | Killed Blork the orc
  6079 | D:7      | Found a glowing golden altar of the Shining One.
  6117 | D:6      | Reached skill level 8 in Maces & Flails
  6389 | D:6      | Found Nulah's Assorted Antiques.
  6395 | D:6      | Bought a warped marble ring for 145 gold pieces
  6395 | D:6      | Identified the ring "Byphoven" {Str-2 Int+5 Dex+5} (You bought it in a shop on level 6 of the Dungeon)
  6396 | D:6      | Found Ycsured's Antique Armour Boutique.
  6739 | D:6      | Gained mutation: You are completely covered in sharp spines. [demonic ancestry]
  6739 | D:6      | Reached XP level 9. HP: 70/74 MP: 9/9
  7059 | D:8      | Noticed Psyche
  7069 | D:8      | Killed Psyche
  7069 | D:8      | Reached skill level 9 in Maces & Flails
  7134 | D:9      | Noticed Maurice
  7145 | D:9      | Killed Maurice
  7287 | D:9      | Noticed Joseph
  7366 | D:8      | Found a hide-covered altar of Uskayaw.
  7383 | D:8      | Became a worshipper of Uskayaw the Reveler
  7383 | D:8      | Reached * piety under Uskayaw
  7597 | D:8      | Reached ** piety under Uskayaw
  7602 | D:8      | Reached *** piety under Uskayaw
  7638 | D:8      | Noticed Pikel
  7651 | D:8      | Killed Pikel
  7651 | D:8      | Reached skill level 10 in Maces & Flails
  8156 | D:9      | Slain by a hippogriff

Vault maps used:
D:1:      dpeg_arrival_subterranean_lakeside_camping
D:2:      first_bread
D:3:      minmay_misc_feat_pillars
D:4:      serial_shops, shop_fountains, okawaru_ov_weapons_minmay
D:5:      serial_shops, shop, uniq_blork_the_orc
D:6:      minmay_shoptagon, portal_sewer_entry_f, hangedman_decor_growths
D:7:      lemuel_crystal_altar, the_bakery
D:8:      basic_altar, uniq_psyche, uniq_pikel
D:9:      serial_bayou_pond_b, grunt_ministairs_1, minivault_1, uniq_erica,
          uniq_joseph, uniq_maurice
Sewer:    sewer_fruit_machine

Skill      XL: |  1  2  3  4  5  6  7  8  9 |
---------------+----------------------------+-----
Maces & Flails | 3 4 5 6 7 8 10 | 10.5
Fighting       | 4 5 6 8 9 |  9.6
Dodging        | |  2.6
Stealth        | |  1.7

Action                   |  1- 3 |  4- 6 |  7- 9 || total
-------------------------+-------+-------+-------++-------
Melee: Mace              |   148 |    91 |       ||   239
       Kick              |    26 |    61 |    59 ||   146
       Flail             |       |    88 |   202 ||   290
Invok: Stomp             |       |       |     2 ||     2
 Abil: Evoke Berserk Rag |       |     1 |       ||     1
Evoke: Wand              |       |       |     1 ||     1
       Box of beasts     |       |       |     1 ||     1
  Use: Potion            |     1 |     7 |    12 ||    20
       Scroll            |       |     1 |    12 ||    13
 Stab: Sleeping          |     9 |     5 |     3 ||    17
       Invisible         |       |     4 |     3 ||     7
       Distracted        |       |       |     1 ||     1
       Paralysed         |       |       |     1 ||     1
  Eat: Chunk             |     4 |     5 |     9 ||    18
       Fruit             |       |     3 |     3 ||     6
       Beef jerky        |       |       |     1 ||     1
       Meat ration       |       |       |     1 ||     1
Armor: Robe              |    32 |    15 |    19 ||    66
       Leather armour    |       |    35 |    45 ||    80
Dodge: Dodged            |   105 |   141 |   110 ||   356
